[Event "Titled Tuesday Blitz August 08 Late 2023"]
[White "Shimanov, Aleksandr"]
[Black "Annaberdiyev, Meylis"]
[WhiteFideId "4198603"]
[BlackFideId "14000563"]
[WhiteElo "2923"]
[BlackElo "2697"]
[Result "1-0"]
[Round "3"]
[TimeControl "180+1"]
[Date "2023.08.08"]
[WhiteClock "0:01:27"]
[BlackClock "0:00:00"]
[Board "15"]

1. d4 Nf6 2. Bg5 e6 3. Nd2 d5 4. e3 Nbd7 5. f4 h6 6. Bh4 c5 7. c3 cxd4 8. exd4 Qc7 9. Bxf6 Nxf6 10. g3 g5 11. Nh3 Bd6 12. fxg5 hxg5 13. Qf3 Rh6 14. Nxg5 Bxg3+ 15. hxg3 Rxh1 16. Qxf6 Qxg3+ 17. Kd1 Bd7 18. Qxf7+ Kd8 19. Nxe6+ Bxe6 20. Qxe6 Kc7 21. Kc2 Rd8 22. Re1 Kb8 23. Qe5+ Qxe5 24. Rxe5 Rh2 25. Re2 Rh1 26. Bg2 Rh2 27. Bf3 Rh3 28. Re5 Rh2 29. Rxd5 Rf8 30. Kd3 Rxd2+ 31. Kxd2 Rxf3 32. Re5 Kc7 33. a4 Kc6 34. a5 a6 35. b4 Rh3 36. Kc2 Rh1 37. Kb3 Rb1+ 38. Kc4 Rh1 39. Rg5 Rh6 40. Rg8 Kd6 41. Rg7 1-0


[Site "https://www.chess.com"]

[Event "Titled Tuesday Blitz August 08 Late 2023"]
[White "Ponikarovsky, Alexey"]
[Black "Tari, Aryan"]
[WhiteFideId "4122887"]
[BlackFideId "1510045"]
[WhiteElo "2696"]
[BlackElo "2922"]
[Result "1-0"]
[Round "3"]
[TimeControl "180+1"]
[Date "2023.08.08"]
[WhiteClock "0:02:10"]
[BlackClock "0:00:28"]
[Board "16"]

1. e4 c5 2. d4 cxd4 3. Nf3 Nc6 4. Bc4 Nf6 5. Qe2 e6 6. O-O Nxe4 7. Qxe4 d5 8. Qe2 dxc4 9. Qxc4 Bd7 10. Nxd4 Rc8 11. Nxc6 Bxc6 12. Qg4 h5 13. Qh3 g5 14. Nc3 g4 15. Qg3 Rg8 16. Bf4 Bc5 17. Rad1 Qe7 18. h4 f6 19. Rfe1 Kf7 20. Nd5 Bxd5 21. Rxd5 exd5 22. Rxe7+ Kxe7 23. Qd3 Ke6 24. c4 Rgd8 25. cxd5+ Kd7 26. Qf5+ Ke8 27. Qe6+ Kf8 28. Bh6# 1-0


[Site "https://www.chess.com"]

[Event "Titled Tuesday Blitz August 08 Late 2023"]
[White "Fressinet, Laurent"]
[Black "Rastbod, Ali"]
[WhiteFideId "608742"]
[BlackFideId "12567477"]
[WhiteElo "2915"]
[BlackElo "2692"]
[Result "1-0"]
[Round "3"]
[TimeControl "180+1"]
[Date "2023.08.08"]
[WhiteClock "0:00:12"]
[BlackClock "0:00:04"]
[Board "17"]

1. d4 Nf6 2. Nf3 d5 3. Bg5 Ne4 4. Bh4 c5 5. e3 Qb6 6. Nc3 Qa5 7. Bb5+ Nc6 8. O-O Nxc3 9. Bxc6+ bxc6 10. bxc3 Qxc3 11. Rb1 f6 12. Rb3 Qa5 13. Qb1 Bf5 14. Rb8+ Rxb8 15. Qxb8+ Kf7 16. dxc5 e5 17. Qb7+ Kg6 18. Qxc6 Qxc5 19. Nxe5+ Kh5 20. Qe8+ Bg6 21. Nxg6 hxg6 22. Bg3 Qxc2 23. Qd7 Qf5 24. Qxa7 g5 25. Rd1 Kg6 26. Qb7 Ba3 27. h3 Rd8 28. Qb3 Bf8 29. a4 d4 30. Rxd4 Ra8 31. e4 Qa5 32. Qf3 Bc5 33. Rd5 Qe1+ 34. Kh2 Be7 35. Rd7 Re8 36. Qf5+ Kf7 37. Qd5+ Kf8 38. a5 Qa1 39. Bd6 Bxd6+ 40. Qxd6+ Kg8 41. Qd5+ Kh7 42. Qf7 Qe5+ 43. g3 f5 44. Qxf5+ Qxf5 45. exf5 Re2 46. Kg2 Kg8 47. a6 Ra2 48. a7 Kh7 49. f6 1-0


[Site "https://www.chess.com"]

[Event "Titled Tuesday Blitz August 08 Late 2023"]
[White "Eugene, Floryan"]
[Black "Terry, Renato"]
[WhiteFideId "20694784"]
[BlackFideId "3803457"]
[WhiteElo "2675"]
[BlackElo "2913"]
[Result "0-1"]
[Round "3"]
[TimeControl "180+1"]
[Date "2023.08.08"]
[WhiteClock "0:00:20"]
[BlackClock "0:00:07"]
[Board "18"]

1. e4 e6 2. d3 d5 3. Qe2 Be7 4. Nf3 c5 5. g3 Nc6 6. Bg2 d4 7. O-O e5 8. a4 h5 9. Na3 h4 10. Nc4 Bf6 11. c3 h3 12. Bh1 Bg4 13. a5 Nge7 14. Qc2 Qd7 15. Qa4 O-O 16. cxd4 cxd4 17. b4 Ng6 18. b5 Nce7 19. Ba3 Rfd8 20. Rfc1 Bh5 21. Bd6 Qe6 22. Bc7 Rd7 23. b6 a6 24. Ncd2 Bg4 25. Qc4 Re8 26. Ne1 Bg5 27. Ra2 Qxc4 28. Rxc4 Be6 29. Nef3 Bxd2 30. Nxd2 Bxc4 31. Nxc4 Nc6 32. Bf3 Rxc7 33. bxc7 Rc8 34. Bg4 Rxc7 35. Bxh3 Nb4 36. Ra3 Nxd3 37. Ra4 Nc5 38. Rb4 Nxe4 39. Bf5 Nc5 40. Bxg6 fxg6 41. Nxe5 d3 42. Rd4 Nb3 43. Rxd3 Nxa5 44. Nxg6 Nc4 45. h4 a5 46. Rd8+ Kf7 47. h5 a4 48. Ra8 b5 49. f4 a3 50. g4 b4 51. g5 Ke6 52. h6 gxh6 53. gxh6 b3 54. h7 Rxh7 55. Nf8+ Kf5 56. Nxh7 b2 57. Rb8 a2 58. Rb5+ Kg6 59. Nf8+ Kf7 60. Nd7 b1=Q+ 61. Rxb1 axb1=Q+ 62. Kg2 Qe4+ 63. Kg3 Qd3+ 64. Kg4 Qxd7+ 65. Kg5 Ne3 66. f5 Qxf5+ 67. Kh6 Qg6# 0-1


[Site "https://www.chess.com"]

[Event "Titled Tuesday Blitz August 08 Late 2023"]
[White "Fisher_TheGalactic"]
[Black "Kovalev, Vladislav"]
[BlackFideId "13504398"]
[WhiteElo "2671"]
[BlackElo "2908"]
[Result "0-1"]
[Round "3"]
[TimeControl "180+1"]
[Date "2023.08.08"]
[WhiteClock "0:00:16"]
[BlackClock "0:00:34"]
[Board "19"]

1. Nf3 Nf6 2. d4 e6 3. c4 b6 4. Nc3 Bb4 5. e3 O-O 6. Be2 Bb7 7. O-O Bxc3 8. bxc3 d6 9. Nd2 Nbd7 10. Ba3 e5 11. Bf3 Bxf3 12. Qxf3 Re8 13. Rfd1 Qe7 14. Qc6 Rac8 15. Nf3 e4 16. Ne1 Nb8 17. Qb7 c5 18. Qxe7 Rxe7 19. Nc2 Nc6 20. Bb2 Na5 21. Na3 Kf8 22. Rd2 a6 23. Rad1 Rec7 24. h3 h5 25. Kh2 Ke7 26. Kg3 Rh8 27. Kh2 h4 28. Kg1 Rh5 29. Kh2 Rf5 30. Kg1 g5 31. dxc5 dxc5 32. Rd8 Rd7 33. R1xd7+ Nxd7 34. Ra8 Rf6 35. Kf1 Ne5 36. Rxa6 Nd3 37. Nb5 Rxf2+ 38. Kg1 Rxb2 39. Rxb6 Nxc4 40. Rb7+ Kf8 41. a4 Nxe3 42. Nd6 Rxg2+ 0-1


[Site "https://www.chess.com"]

[Event "Titled Tuesday Blitz August 08 Late 2023"]
[White "Grigoriants, Sergey"]
[Black "MKlose11"]
[WhiteFideId "4130804"]
[WhiteElo "2903"]
[BlackElo "2665"]
[Result "1/2-1/2"]
[Round "3"]
[TimeControl "180+1"]
[Date "2023.08.08"]
[WhiteClock "0:00:14"]
[BlackClock "0:00:07"]
[Board "20"]

1. d4 Nf6 2. c4 c5 3. d5 b5 4. Qc2 bxc4 5. e4 d6 6. Bxc4 g6 7. Nf3 Bg7 8. O-O O-O 9. Nc3 Ba6 10. Bxa6 Nxa6 11. a3 Nd7 12. Bg5 Re8 13. Nd2 Rb8 14. Rab1 Qb6 15. Kh1 Nc7 16. f4 Nb5 17. Nc4 Qa6 18. Nxb5 Rxb5 19. h3 Nb6 20. e5 Nxc4 21. Qxc4 Rb6 22. Qe4 Rxb2 23. Rxb2 Qxf1+ 24. Kh2 h6 25. Bh4 g5 26. Bg3 gxf4 27. Bxf4 Qxf4+ 28. Qxf4 Bxe5 29. Qxe5 dxe5 30. Rb7 Kf8 31. Rc7 Rd8 32. Rxc5 Rd6 33. a4 f5 34. Kg3 Kf7 35. Kf3 Rb6 36. Ra5 a6 37. g4 Kf6 38. gxf5 Kxf5 39. h4 h5 40. Ke3 Rb3+ 41. Kd2 Ke4 42. Rxa6 Kxd5 43. Rh6 Rb4 44. Rxh5 Rxa4 45. Rh7 e6 46. h5 Ra2+ 47. Ke3 Ra3+ 48. Kf2 Ke4 49. Re7 Ra2+ 50. Kg3 Ra3+ 51. Kg2 Ra2+ 52. Kg3 Kf5 53. h6 Ra3+ 54. Kg2 Ra8 55. h7 Rh8 56. Kf3 Kf6 57. Ra7 Kg6 58. Ke4 Rxh7 59. Rxh7 Kxh7 60. Kxe5 Kg7 61. Kxe6 1/2-1/2


[Site "https://www.chess.com"]

[Event "Titled Tuesday Blitz August 08 Late 2023"]
[White "Weetik, Vjacheslav"]
[Black "Holt, Conrad"]
[WhiteFideId "4153472"]
[BlackFideId "2034387"]
[WhiteElo "2665"]
[BlackElo "2890"]
[Result "1/2-1/2"]
[Round "3"]
[TimeControl "180+1"]
[Date "2023.08.08"]
[WhiteClock "0:00:06"]
[BlackClock "0:00:12"]
[Board "21"]

1. d4 d5 2. c4 c6 3. Nf3 Nf6 4. g3 Bf5 5. Nc3 e6 6. Nh4 dxc4 7. Nxf5 exf5 8. e3 Bd6 9. Bxc4 O-O 10. Qc2 g6 11. Bf1 Nbd7 12. Bg2 Re8 13. O-O h5 14. e4 fxe4 15. Nxe4 Nxe4 16. Bxe4 Qf6 17. Be3 Nb6 18. Bg2 Nd5 19. Qb3 Nb6 20. a4 Qe6 21. Qxe6 Rxe6 22. a5 Nd5 23. a6 Rb8 24. Bxd5 cxd5 25. Ra5 b5 26. Rc1 Kf8 27. b3 Ke8 28. Ra2 Kd7 29. Kg2 Rb6 30. Kf3 Be7 31. Bf4 Bd8 32. Rc5 Rxa6 33. Rxd5+ Ke8 34. Rxa6 Rxa6 35. Rxb5 Ra2 36. Rb8 Kd7 37. Rb7+ Ke8 38. Be3 Bb6 39. Ke4 Rb2 40. d5 Rxb3 41. Bxb6 axb6 42. Ke5 Rf3 43. Kd6 Rf6+ 44. Ke5 Rxf2 45. Rxb6 Kd7 46. Rb7+ Kd8 47. Kd6 Rf6+ 48. Ke5 Rf2 49. Kd6 Rf6+ 50. Ke5 Rf2 1/2-1/2


[Site "https://www.chess.com"]

[Event "Titled Tuesday Blitz August 08 Late 2023"]
[White "Tahbaz, Arash"]
[Black "Weishaeutel, Moritz"]
[WhiteFideId "12528846"]
[BlackFideId "12967300"]
[WhiteElo "2889"]
[BlackElo "2656"]
[Result "1-0"]
[Round "3"]
[TimeControl "180+1"]
[Date "2023.08.08"]
[WhiteClock "0:01:12"]
[BlackClock "0:00:27"]
[Board "22"]

1. Nf3 Nf6 2. g3 g6 3. Bg2 Bg7 4. O-O O-O 5. d3 d5 6. Nbd2 c5 7. e4 Nc6 8. Re1 e5 9. exd5 Nxd5 10. Nc4 Re8 11. Ng5 h6 12. Ne4 Bf8 13. Ned6 Bxd6 14. Bxd5 Bf8 15. Qf3 Be6 16. Bxe6 Rxe6 17. Be3 b6 18. h4 h5 19. Rad1 Qc7 20. Nd2 Rae8 21. Ne4 Nd4 22. Bxd4 exd4 23. Nf6+ Rxf6 24. Qxf6 Rd8 25. Re4 Rd5 26. Re8 Rf5 27. Rxf8+ Kxf8 28. Qh8+ Ke7 29. Re1+ Kd7 30. Qe8+ Kd6 31. Qf8+ Kc6 32. Re7 Qd6 33. Qe8+ Kd5 34. Rd7 Re5 35. Qxf7+ Kc6 36. Rxd6+ Kxd6 37. Qxg6+ 1-0


[Site "https://www.chess.com"]

[Event "Titled Tuesday Blitz August 08 Late 2023"]
[White "Begmuratov, Alisher"]
[Black "Isanzhulov, Arystan"]
[WhiteFideId "14203367"]
[BlackFideId "13711644"]
[WhiteElo "2654"]
[BlackElo "2876"]
[Result "1-0"]
[Round "3"]
[TimeControl "180+1"]
[Date "2023.08.08"]
[WhiteClock "0:00:11"]
[BlackClock "0:00:07"]
[Board "23"]

1. e4 a6 2. Bc4 c6 3. d4 d5 4. Bd3 dxe4 5. Bxe4 Nf6 6. Bf3 Bf5 7. Nc3 e6 8. Nge2 Bd6 9. Bf4 O-O 10. Qd2 b5 11. O-O Ra7 12. Bxd6 Qxd6 13. Nd1 c5 14. Ne3 Rd8 15. Nxf5 exf5 16. Rfd1 Rad7 17. c3 Nc6 18. Bxc6 Qxc6 19. Qc2 g6 20. dxc5 Qe4 21. Rxd7 Qxc2 22. Rxd8+ Kg7 23. Kf1 Qxb2 24. Rad1 Qxa2 25. f3 Qc4 26. Rc8 a5 27. Rd4 Qe6 28. Rb8 Qc6 29. c4 b4 30. Rb5 a4 31. Rxb4 a3 32. Rb1 Qxc5 33. Ra1 h5 34. Rd3 Qxc4 35. Raxa3 h4 36. Rd4 Qc5 37. Rc3 Qe7 38. Rcd3 g5 39. Kf2 Qa7 40. h3 Nd7 41. Kf1 Ne5 42. Rd1 Qa6 43. f4 Nc4 44. Rc1 Na5 45. Ra1 Qb5 46. Rad1 g4 47. hxg4 fxg4 48. Rd5 Qa4 49. R1d4 Qa1+ 50. Rd1 Qa4 51. R1d4 Nc4 52. Rg5+ Kf6 53. Rxc4 Qxc4 54. Rxg4 Kf5 55. Rxh4 Qa6 56. Rh5+ Ke4 57. Re5+ Kd3 58. Kf2 Qa7+ 59. Kf3 Qb7+ 60. Kf2 Kd2 61. g4 Qh1 62. Ng3 Qh4 63. Kf3 Kd3 64. g5 Qh8 65. Rd5+ Kc4 66. Re5 Kd4 67. Kg4 Qc8+ 68. Nf5+ Kd3 69. Re7 Qf8 70. Rd7+ Ke2 71. Nd6 f6 72. g6 Qh6 73. Re7+ Kf2 74. Kf5 Kf3 75. g7 Qxf4+ 76. Kg6 Qg5+ 77. Kf7 Qh5+ 78. Kf8 Qh6 79. Nf5 Qg6 80. g8=Q Qxf5 81. Qb3+ Kg4 82. Rg7+ Kf4 83. Qc4+ Qe4 84. Rg4+ Kxg4 85. Qxe4+ Kg5 86. Qf3 f5 87. Kf7 f4 88. Ke6 Kh4 89. Qxf4+ Kh5 90. Qg3 Kh6 91. Kf6 Kh7 92. Qg7# 1-0


[Site "https://www.chess.com"]

[Event "Titled Tuesday Blitz August 08 Late 2023"]
[White "Perez Ponsa, Federico"]
[Black "Ozdemir, Serhan Berat"]
[WhiteFideId "117927"]
[BlackFideId "6374611"]
[WhiteElo "2870"]
[BlackElo "2652"]
[Result "1-0"]
[Round "3"]
[TimeControl "180+1"]
[Date "2023.08.08"]
[WhiteClock "0:01:40"]
[BlackClock "0:01:51"]
[Board "24"]

1. e4 c5 2. Nf3 e6 3. d4 cxd4 4. Nxd4 a6 5. Nc3 b5 6. Bd3 Qb6 7. Nf3 Qc7 8. O-O Bb7 9. Re1 Be7 10. Bd2 Nc6 11. a4 b4 12. Nd5 exd5 13. exd5 Nd8 14. Bxb4 d6 15. c4 Nf6 16. Qe2 Rb8 17. Ba5 Qd7 18. Bf5 1-0


[Site "https://www.chess.com"]

[Event "Titled Tuesday Blitz August 08 Late 2023"]
[White "Ibarra Jerez, Jose Carlos"]
[Black "Wieczorek, Oskar"]
[WhiteFideId "2226332"]
[BlackFideId "1133950"]
[WhiteElo "2859"]
[BlackElo "2648"]
[Result "1-0"]
[Round "3"]
[TimeControl "180+1"]
[Date "2023.08.08"]
[WhiteClock "0:02:05"]
[BlackClock "0:01:37"]
[Board "25"]

1. e4 c5 2. Nf3 e6 3. d3 Nc6 4. g3 d5 5. Qe2 Nge7 6. h4 dxe4 7. dxe4 e5 8. c3 Bg4 9. h5 h6 10. Nbd2 Nc8 11. Rh4 Qd7 12. Nc4 Be7 13. Rh1 Nd6 14. Ne3 Nxe4 15. Nxg4 Qxg4 16. Bh3 1-0


[Site "https://www.chess.com"]

[Event "Titled Tuesday Blitz August 08 Late 2023"]
[White "Rasulov, Vugar"]
[Black "Domingo Nunez, Ruben"]
[WhiteFideId "13402390"]
[BlackFideId "22245570"]
[WhiteElo "2849"]
[BlackElo "2642"]
[Result "1-0"]
[Round "3"]
[TimeControl "180+1"]
[Date "2023.08.08"]
[WhiteClock "0:00:08"]
[BlackClock "0:00:00"]
[Board "26"]

1. d4 g6 2. c4 Bg7 3. Nf3 d6 4. Nc3 Nd7 5. Bg5 h6 6. Bh4 Ngf6 7. e3 O-O 8. Be2 Re8 9. Qc2 c6 10. O-O e5 11. Rad1 Qc7 12. b4 a5 13. b5 exd4 14. exd4 Nh5 15. Rfe1 Nf8 16. Qc1 Bd7 17. Bf1 Bg4 18. Rxe8 Rxe8 19. Bg3 Nxg3 20. hxg3 Ne6 21. bxc6 bxc6 22. d5 cxd5 23. Nxd5 Qc5 24. Re1 Rb8 25. Nh2 h5 26. Nxg4 hxg4 27. Ne3 Rb2 28. a4 Bd4 29. Qd1 f5 30. Qc1 Ng5 31. Rd1 Ne4 32. Kh2 Nxf2 33. Re1 Ne4 34. Bd3 Be5 35. Bxe4 fxe4 36. Nxg4 Ra2 37. Qh6 1-0


[Site "https://www.chess.com"]

[Event "Titled Tuesday Blitz August 08 Late 2023"]
[White "Cremisi, Daniel"]
[Black "Rustemov, Alexander"]
[WhiteFideId "2089882"]
[BlackFideId "4119002"]
[WhiteElo "2588"]
[BlackElo "2842"]
[Result "0-1"]
[Round "3"]
[TimeControl "180+1"]
[Date "2023.08.08"]
[WhiteClock "0:00:11"]
[BlackClock "0:00:08"]
[Board "27"]

1. d4 g6 2. Nf3 Bg7 3. g3 c5 4. Bg2 cxd4 5. Nxd4 Nc6 6. Nxc6 bxc6 7. O-O Rb8 8. c3 Nf6 9. Qc2 O-O 10. Nd2 d5 11. e4 e5 12. exd5 cxd5 13. Nb3 Bf5 14. Qe2 Qc7 15. Bg5 Ne4 16. Be3 Rfd8 17. Rad1 a5 18. Qa6 Ra8 19. Qb6 Qxb6 20. Bxb6 Rdb8 21. Bxa5 Rxb3 22. axb3 Rxa5 23. b4 Rb5 24. Rfe1 h5 25. Bf1 Rb8 26. Rxd5 Be6 27. Rdd1 Ng5 28. Bg2 Nh3+ 29. Bxh3 Bxh3 30. Rd2 f6 31. Red1 Rb7 32. Ra1 Kf7 33. Rd8 Bf8 34. Rda8 Be7 35. R1a7 Rb6 36. Rh8 Rd6 37. f3 Rd2 38. Rh7+ Ke6 39. Rhxe7+ Kf5 40. Red7 Rg2+ 41. Kf1 Rxh2+ 42. Ke1 Rxb2 43. Rd2 Rb3 44. Rc2 g5 45. Rb7 g4 46. fxg4+ Kxg4 47. Rg7+ Kf3 48. Kd2 Bg4 49. c4 Rxb4 50. c5 Rb8 51. c6 Rc8 52. Rc3+ Kf2 53. c7 e4 54. Rf7 f5 55. Rc5 e3+ 56. Kd3 e2 57. Rfxf5+ Bxf5+ 58. Rxf5+ Ke1 59. Re5 Rxc7 60. Rxe2+ Kf1 61. Rh2 Rc5 62. Ke3 Kg1 63. Ra2 Rf5 64. Ke4 Rg5 65. Kf4 Rb5 66. Re2 Kf1 67. Rh2 Kg1 68. Ra2 Kh1 69. Kf3 Rb4 70. Rc2 Rb3+ 71. Kf4 Rb5 72. Re2 Rb4+ 73. Kg5 Rg4+ 74. Kxh5 Rxg3 75. Kh4 Rg2 76. Re1+ Kh2 77. Ra1 Rc2 78. Ra4 Kg2 79. Rg4+ Kf3 80. Rg3+ Kf4 81. Rg4+ Kf5 82. Rg5+ Kf6 83. Rg4 Rc1 84. Kg3 Kf5 85. Rf4+ Ke5 86. Rf2 Rg1+ 87. Kf3 Ra1 88. Re2+ Kf5 89. Ke3 Ra3+ 90. Kf2 Kf4 91. Rb2 Ra4 92. Rc2 Rd4 93. Rb2 Rc4 94. Re2 Rb4 95. Ra2 Rc4 96. Rb2 Rd4 97. Ra2 Rb4 98. Rb2 Rxb2+ 0-1


[Site "https://www.chess.com"]

[Event "Titled Tuesday Blitz August 08 Late 2023"]
[White "Gadimbayli, Abdulla"]
[Black "Pert, Richard G"]
[WhiteFideId "13404938"]
[BlackFideId "404748"]
[WhiteElo "2841"]
[BlackElo "2587"]
[Result "1/2-1/2"]
[Round "3"]
[TimeControl "180+1"]
[Date "2023.08.08"]
[WhiteClock "0:00:34"]
[BlackClock "0:00:15"]
[Board "28"]

1. e4 c5 2. Nf3 d6 3. d4 cxd4 4. Nxd4 Nf6 5. Nc3 g6 6. Be3 Bg7 7. f3 Nc6 8. Qd2 O-O 9. O-O-O d5 10. exd5 Nxd5 11. Nxc6 bxc6 12. Bd4 e5 13. Bc5 Rb8 14. Ne4 f5 15. c4 fxe4 16. fxe4 Bg4 17. exd5 Bxd1 18. Qxd1 e4 19. Bxf8 Bxb2+ 20. Kc2 Qxf8 21. dxc6 Qa3 22. Qd5+ Kh8 23. c7 Qc3+ 24. Kd1 Qc1+ 25. Ke2 Qc2+ 26. Ke3 Bc1+ 27. Kd4 Qb2+ 28. Kxe4 Re8+ 29. Kf3 Qf6+ 30. Kg4 Qf4+ 31. Kh3 Qh6+ 32. Kg4 Qf4+ 33. Kh3 Qh6+ 34. Kg4 Qf4+ 1/2-1/2


[Site "https://www.chess.com"]

[Event "Titled Tuesday Blitz August 08 Late 2023"]
[White "Ambartsumova, Karina"]
[Black "Mitrabha, Guha"]
[WhiteFideId "4166299"]
[BlackFideId "5057000"]
[WhiteElo "2583"]
[BlackElo "2838"]
[Result "0-1"]
[Round "3"]
[TimeControl "180+1"]
[Date "2023.08.08"]
[WhiteClock "0:00:02"]
[BlackClock "0:01:15"]
[Board "29"]

1. c4 g6 2. Nc3 Bg7 3. d4 c5 4. d5 e6 5. Nf3 d6 6. e4 exd5 7. cxd5 a6 8. a4 Bg4 9. Be2 Bxf3 10. Bxf3 Nd7 11. O-O Ngf6 12. h3 O-O 13. Bf4 Ne8 14. Be2 Qe7 15. Bd3 Nc7 16. a5 Rab8 17. Qc2 b5 18. axb6 Rxb6 19. Ra2 Rfb8 20. Rfa1 Ne5 21. Bf1 h6 22. Bc1 Nb5 23. Rxa6 Nd4 24. Qd1 Rxa6 25. Rxa6 g5 26. Ra3 Ng6 27. Bd3 Be5 28. Ne2 Qf6 29. Nxd4 Bxd4 30. Qe2 Bxb2 31. Bxb2 Rxb2 32. Qe3 Kg7 33. g3 Ne5 34. Be2 Ng6 35. Kg2 Rc2 36. Ra7 Qd4 37. Ra3 Ne5 38. Bh5 Qxe3 39. Rxe3 c4 40. Bd1 Rd2 41. Be2 c3 42. Kf1 c2 43. Rc3 Rd1+ 44. Kg2 c1=Q 0-1


[Site "https://www.chess.com"]

[Event "Titled Tuesday Blitz August 08 Late 2023"]
[White "Bilan, Danila"]
[Black "Talibov, Shiroghlan"]
[WhiteFideId "24161918"]
[BlackFideId "13429078"]
[WhiteElo "2577"]
[BlackElo "2829"]
[Result "1/2-1/2"]
[Round "3"]
[TimeControl "180+1"]
[Date "2023.08.08"]
[WhiteClock "0:00:08"]
[BlackClock "0:00:14"]
[Board "30"]

1. d4 g6 2. Nf3 Bg7 3. Bg5 c5 4. c3 b6 5. e3 Bb7 6. Nbd2 Nf6 7. Bc4 O-O 8. O-O d6 9. Qe2 Nbd7 10. a4 a6 11. Rfe1 Qc7 12. Rac1 e5 13. dxe5 Nxe5 14. Nxe5 dxe5 15. e4 Nh5 16. Nf1 Bc6 17. b3 Qb7 18. f3 Bf6 19. Bxf6 Nxf6 20. Ne3 b5 21. axb5 axb5 22. Bd3 Ra3 23. Rb1 Rfa8 24. c4 Ra2 25. Rb2 Rxb2 26. Qxb2 bxc4 27. Bxc4 Re8 28. Rd1 Kg7 29. Rd6 Bb5 30. Qd2 Bxc4 31. bxc4 Ra8 32. Nf5+ gxf5 33. Qg5+ Kf8 34. Qxf6 Qb2 35. Qh8+ Ke7 36. Qf6+ Kf8 37. Qh8+ Ke7 38. Qxa8 Kxd6 39. Qd5+ Ke7 40. Qxc5+ Kd7 41. exf5 Qc1+ 42. Kf2 Qd2+ 43. Kg3 Qf4+ 44. Kf2 Qd2+ 45. Kf1 Qd1+ 46. Kf2 Qd2+ 1/2-1/2


[Site "https://www.chess.com"]

[Event "Titled Tuesday Blitz August 08 Late 2023"]
[White "Asadli, Vugar"]
[Black "Adan Bermudez, Sergio"]
[WhiteFideId "13405764"]
[BlackFideId "2292726"]
[WhiteElo "2822"]
[BlackElo "2572"]
[Result "1-0"]
[Round "3"]
[TimeControl "180+1"]
[Date "2023.08.08"]
[WhiteClock "0:01:31"]
[BlackClock "0:00:19"]
[Board "31"]

1. e4 d6 2. d4 Nf6 3. Nc3 e5 4. Nf3 Nbd7 5. Bc4 h6 6. a4 a5 7. O-O Be7 8. Re1 c6 9. Ba2 Qc7 10. Be3 Nf8 11. Nd2 Ng4 12. Nc4 Nxe3 13. Nxe3 Ng6 14. Nf5 Bf6 15. d5 Bxf5 16. exf5 Nf4 17. Ne4 Be7 18. Re3 Nxd5 19. Bxd5 cxd5 20. Qxd5 Qc6 21. Rd1 Rd8 22. Rg3 Qxc2 23. Rxg7 Rf8 24. f6 Bxf6 25. Nxf6+ Ke7 26. Nh7 1-0


[Site "https://www.chess.com"]

[Event "Titled Tuesday Blitz August 08 Late 2023"]
[White "Ashraf, Artin"]
[Black "Shapiro, Viktor"]
[WhiteFideId "22514805"]
[BlackFideId "4175700"]
[WhiteElo "2822"]
[BlackElo "2570"]
[Result "1-0"]
[Round "3"]
[TimeControl "180+1"]
[Date "2023.08.08"]
[WhiteClock "0:00:04"]
[BlackClock "0:00:05"]
[Board "32"]

1. e4 Nf6 2. e5 Nd5 3. Nc3 Nb6 4. a4 a5 5. d4 d6 6. exd6 exd6 7. Bd3 Be7 8. Nce2 Nc6 9. c3 O-O 10. Ng3 d5 11. Nf3 Bg4 12. h3 Bxf3 13. Qxf3 Re8 14. O-O g6 15. Ne2 Bg5 16. g3 Bxc1 17. Raxc1 Nxa4 18. Rc2 Nb6 19. h4 a4 20. Kg2 a3 21. b4 Qd6 22. h5 Nd7 23. Nf4 Nf6 24. hxg6 hxg6 25. Ra2 Ne4 26. Bxe4 dxe4 27. Qg4 e3 28. Qh4 Qe7 29. Qh3 Qf6 30. Nd5 Qg7 31. Nxc7 e2 32. Re1 Qf6 33. Nxa8 Qe7 34. Rexe2 Qxe2 35. Rxe2 Rxe2 36. Qh1 a2 37. Qa1 Ne7 38. Nb6 Nf5 39. Nc4 Rc2 40. Nb2 Ne3+ 41. Kf3 Nd5 42. Qxa2 Nxc3 43. Qa8+ Kg7 44. Nd3 Rd2 45. Ke3 Rc2 46. Qxb7 Nd1+ 47. Kf3 Rd2 48. Qb5 Nc3 49. Qe5+ f6 50. Qc7+ Kh6 51. Qxc3 Ra2 52. d5 g5 53. Qxf6+ Kh5 54. g4+ Kh4 55. Qh8# 1-0


[Site "https://www.chess.com"]

[Event "Titled Tuesday Blitz August 08 Late 2023"]
[White "Zirkelbach, Maj"]
[Black "Lysyj, Igor"]
[WhiteFideId "14613395"]
[BlackFideId "4150120"]
[WhiteElo "2568"]
[BlackElo "2819"]
[Result "0-1"]
[Round "3"]
[TimeControl "180+1"]
[Date "2023.08.08"]
[WhiteClock "0:00:00"]
[BlackClock "0:00:45"]
[Board "33"]

1. d4 d5 2. c4 e6 3. Nf3 Nf6 4. Nc3 Be7 5. Bf4 dxc4 6. e3 a6 7. a4 c5 8. Bxc4 cxd4 9. exd4 O-O 10. O-O Nc6 11. Qe2 Nxd4 12. Nxd4 Qxd4 13. Be5 Qg4 14. f3 Qh5 15. Rad1 Nd7 16. Bg3 Nb6 17. Bd3 Bd7 18. Qe4 Bc6 19. Qf4 Rad8 20. Kh1 Rd7 21. Qe3 Bc5 22. Qe2 Rfd8 23. a5 Nd5 24. Nxd5 Bxd5 25. Be5 Be7 26. Bc3 Bf6 27. Bxf6 gxf6 28. Be4 Bxe4 29. Rxd7 Rxd7 30. Qxe4 Qxa5 0-1


[Site "https://www.chess.com"]

[Event "Titled Tuesday Blitz August 08 Late 2023"]
[White "Troff, Kayden"]
[Black "Droin, Augustin"]
[WhiteFideId "2047896"]
[BlackFideId "45105987"]
[WhiteElo "2812"]
[BlackElo "2551"]
[Result "0-1"]
[Round "3"]
[TimeControl "180+1"]
[Date "2023.08.08"]
[WhiteClock "0:00:08"]
[BlackClock "0:00:31"]
[Board "34"]

1. d4 Nf6 2. Nf3 e6 3. Bf4 c5 4. e3 Nc6 5. Nc3 cxd4 6. exd4 Bb4 7. Bd3 d5 8. O-O O-O 9. Ne2 h6 10. c3 Bd6 11. Bg3 Ne4 12. Bxe4 dxe4 13. Ne5 Bxe5 14. dxe5 Qd5 15. Qc2 Nxe5 16. Rad1 Nd3 17. Nf4 Qxa2 18. Nxd3 exd3 19. Rxd3 b6 20. Be5 f6 21. Bd6 Ba6 22. Bxf8 Bxd3 23. Qxd3 Rxf8 24. b4 Qd5 25. Qh3 Rc8 26. Re1 Kf7 27. Qe3 Qe5 28. Qxe5 fxe5 29. Re3 Rc4 30. g3 e4 31. Kf1 a5 32. bxa5 bxa5 33. Ke2 Kf6 34. Kd2 Kf5 35. Kc2 a4 36. h3 h5 37. Re1 g5 38. Rb1 h4 39. Rb5+ e5 40. gxh4 gxh4 41. Rb8 e3 42. Kd3 e2 43. Rb1 Re4 44. Re1 Kf4 45. c4 a3 46. c5 a2 47. c6 a1=Q 48. Rxa1 e1=Q 49. Rxe1 Rxe1 50. Kc4 Rc1+ 51. Kd5 e4 52. Kd6 Kf3 0-1


[Site "https://www.chess.com"]

[Event "Titled Tuesday Blitz August 08 Late 2023"]
[White "Riehle, Marco"]
[Black "Perske, Thore"]
[WhiteFideId "12904392"]
[BlackFideId "12902195"]
[WhiteElo "2811"]
[BlackElo "2542"]
[Result "1-0"]
[Round "3"]
[TimeControl "180+1"]
[Date "2023.08.08"]
[WhiteClock "0:01:12"]
[BlackClock "0:00:25"]
[Board "35"]

1. e4 e6 2. d4 d5 3. exd5 exd5 4. Nf3 Nc6 5. c4 Bb4+ 6. Nc3 Nf6 7. Be2 dxc4 8. O-O O-O 9. Bxc4 Bg4 10. Bg5 h6 11. Bh4 a6 12. a3 Bd6 13. h3 Bh5 14. d5 Ne5 15. Be2 g5 16. Nxe5 Bxe5 17. Bxh5 gxh4 18. Bf3 Qd6 19. Re1 Rfe8 20. Qd3 Kg7 21. Re2 Re7 22. Rae1 Rae8 23. Kf1 Bxc3 24. Qxc3 Rxe2 25. Rxe2 Rxe2 26. Kxe2 Kg6 27. Kf1 Nd7 28. Qd3+ Kg7 29. Qd4+ Qf6 30. Qg4+ 1-0


[Site "https://www.chess.com"]

[Event "Titled Tuesday Blitz August 08 Late 2023"]
[White "Bauman_Guy"]
[Black "Mekhane, Adam"]
[BlackFideId "36050601"]
[WhiteElo "2810"]
[BlackElo "2535"]
[Result "1-0"]
[Round "3"]
[TimeControl "180+1"]
[Date "2023.08.08"]
[WhiteClock "0:00:07"]
[BlackClock "0:00:00"]
[Board "36"]

1. e4 c5 2. Nf3 d6 3. d4 cxd4 4. Nxd4 Nf6 5. Nc3 Nc6 6. Bg5 e6 7. Bb5 Bd7 8. Bxc6 bxc6 9. Qf3 h6 10. Bh4 Be7 11. O-O-O d5 12. e5 Nh7 13. Bxe7 Qxe7 14. Nb3 c5 15. h4 Rc8 16. Rh3 O-O 17. Rg3 f6 18. Nxd5 exd5 19. Qxd5+ Be6 20. Qd6 Qxd6 21. exd6 Rfd8 22. Rc3 Bxb3 23. axb3 Rc6 24. b4 Rcxd6 25. Rxd6 Rxd6 26. bxc5 Rc6 27. b4 a6 28. Kb2 Kf7 29. Rd3 Nf8 30. c4 a5 31. Kb3 axb4 32. Kxb4 Ne6 33. Rd5 Ke7 34. Kb5 Rc8 35. c6 Nc7+ 36. Kc5 Nxd5 37. cxd5 Ra8 38. d6+ Kd8 39. Kd5 Ra2 40. f4 Rxg2 41. Ke6 Re2+ 42. Kf7 g5 43. hxg5 1-0


[Site "https://www.chess.com"]